 Dungeon Sprint DCSS version 0.29-a0-923-g6e406bff71 (webtiles) character file.

Game seed: 15188615313735234830

8106 mhtbhm the Basher (level 11, -1/77 HPs)
             Began as a Gargoyle Fighter on July 28, 2022.
             Was the Champion of Makhleb.
             Slain by an orc knight
             ... wielding a +0 great mace
              (40 damage)
             ... in the Dungeon (Sprint IX: "|||||||||||||||||||||||||||||").
             The game lasted 00:03:25 (2326 turns).

mhtbhm the Basher (Gargoyle Fighter)                Turns: 2326, Time: 00:03:26

Health: -1/77      AC: 29    Str: 25    XL:     11   Next: 25%
Magic:  20/20      EV: 15    Int: 11    God:    Makhleb [******]
Gold:   23         SH:  0    Dex:  9    Spells: 10/10 levels left

rFire   . . .      SeeInvis .   a - +2 dire flail (protect)
rCold   . . .      Faith    .   (shield currently unavailable)
rNeg    + . .      Spirit   .   b - +2 ring mail
rPois   ∞          Reflect  .   v - +0 helmet
rElec   +          Harm     .   (no cloak)
rCorr   .          Rampage  .   n - +0 pair of gloves
Will    .....      NoTele   +   m - +0 pair of boots
Stlth   ..........              (no amulet)
HPRegen 0.22/turn               p - +3 ring of intelligence
MPRegen 0.17/turn               o - +2 ring of evasion

@: under a protective aura
A: sickness immunity, AC +8, negative energy resistance 1, electricity
resistance, torment resistance 1, petrification resistance
a: Renounce Religion, Minor Destruction, Lesser Servant of Makhleb, Major
Destruction, Greater Servant of Makhleb


You were in the Dungeon.
You worshipped Makhleb.
Makhleb was exalted by your worship.
You visited 1 branch You collected 23 gold pieces.

Inventory:

Hand Weapons
 a - a +2 dire flail of protection (weapon)
Armour
 b - a +2 ring mail (worn)
 c - a +0 buckler
 m - a +0 pair of boots (worn)
 n - a +0 pair of gloves (worn)
 v - a +0 helmet (worn)
Jewellery
 o - a +2 ring of evasion (right hand)
 p - a +3 ring of intelligence (left hand)
Wands
 l - a wand of acid (2)
Scrolls
 j - 2 scrolls of amnesia
 k - 2 scrolls of blinking
 s - a scroll of identify
 t - 2 scrolls of fog
Potions
 d - a potion of might
 e - a potion of invisibility
 f - 6 potions of heal wounds
 g - a potion of haste
 h - 4 potions of magic
 i - 2 potions of curing
 q - a potion of mutation
 r - a potion of brilliance
 u - a potion of cancellation


   Skills:
 + Level 12.8 Fighting
 + Level 14.9 Maces & Flails
 + Level 12.1 Armour
 + Level 7.3 Dodging
 + Level 0.2 Stealth
 + Level 9.6 Shields
 * Level 12.0 Invocations
 + Level 4.1 Evocations


You had 10 spell levels left.
You didn't know any spells.
Your spell library was empty.

Dungeon Overview and Level Annotations

Branches:
Dungeon (1/1)

Altars:
Cheibriados
Dithmenos
Elyvilon
Fedhas
Gozag
Hepliaklqana
Kikubaaqudgha
Makhleb
Nemelex Xobeh
Okawaru
Qazlal
Ru
Sif Muna
Trog
Uskayaw
Vehumet
Wu Jian
Xom
Yredelemnul
Zin
The Shining One
Jiyva
Lugonu


Innate Abilities, Weirdness & Mutations

You are immune to sickness and miasma.
Your stone body is resilient. (AC +8)
You are immune to poison.
You resist negative energy. (rN+)
You are resistant to electric shocks. (rElec)
You are resistant to unholy torment.
You are immune to petrification.


Message History

You see here a +0 flail.
You see here a +0 spear.
There is an open door to Lair:5, spattered with blood here.
There is an open door, spattered with blood here.
There is an open door to the Lair, spattered with blood here.
There is an open door to the Lair, spattered with blood here.
There is an open door, spattered with blood here.
There is an open door to Lair:5, spattered with blood here.
You see here a +0 spear.
You see here a +0 flail.
There is an open door here.
You see here a +0 pair of boots.
Items here: ) [[ ÷.
You see here a +0 pair of gloves.
There is an open door here.
The orc knight shouts!
The orc knight shouts!
The orc knight roars a battlecry!
The orc knight goes into a battle-frenzy!
The orc knight roars a battlecry!
The orc knight goes into a battle-frenzy!
You hit the orc knight.
Your weapon exudes an aura of protection.
The orc knight is lightly wounded.
The orc knight barely misses you.
You puncture the orc knight!
The orc knight is lightly wounded.
The orc knight hits you but does no damage.
You barely miss the orc knight.
The orc knight is lightly wounded.
You impale the orc knight!!
The orc knight is heavily wounded.
The orc knight hits you with a +0 great mace!!!
You sock the orc knight!
The orc knight is severely wounded.
You impale the orc knight!!
The orc knight is almost dead.
The orc knight hits you with a +0 great mace!!!
Ouch! That really hurt!
You die...

▓.▓'▓.▓.▓
▓.▓.▓.▓)▓
▓)▓.▓.▓.▓
▓.▓.▓.▓.▓
▓)▓[▓.▓)▓
▓.▓)▓.▓.▓
▓o▓[▓.▓.▓
▓o▓.▓.▓)▓
▓@▓.▓.▓.▓
▓.▓'▓.▓.▓
▓.▓.▓.▓.▓
▓.▓.▓.▓'▓
▓.▓.▓.▓.▓
▓...▓...▓
▓▓▓▓▓▓▓▓▓


You could see 2 orc knights.

Vanquished Creatures
  A boulder beetle (D)
  2 orc knights (D)
  A deep elf pyromancer (D)
  An ugly thing (D)
  A gargoyle (D)
  2 cane toads (D)
  2 komodo dragons (D)
  A rime drake (D)
  4 polar bears (D)
  A hornet (D)
  A slime creature (D)
  A blink frog (D)
  A wraith (D)
  A vampire (D)
  A wyvern (D)
  2 yaks (D)
  Grum (D)
  A vampire mosquito (D)
  5 water moccasins (D)
  7 black bears (D)
  A centaur (D)
  3 wolves (D)
  3 bullfrogs (D)
  A wight (D)
  An orc priest (D)
  2 iguanas (D)
  An orc wizard (D)
  3 orcs (D)
  An endoplasm (D)
  A goblin (D)
  3 ball pythons (D)
57 creatures vanquished.

Notes
Turn   | Place    | Note
-------+----------+-------------------------------------------
     0 | D        | mhtbhm the Gargoyle Fighter began the quest for the Orb.
     0 | D        | Reached XP level 1. HP: 14/14 MP: 1/1
    68 | D        | Noticed an iguana
    68 | D        | Noticed a water moccasin
    68 | D        | Noticed a black bear
    68 | D        | Noticed an iguana
    74 | D        | Reached XP level 2. HP: 20/20 MP: 2/2
    78 | D        | Reached skill level 5 in Fighting
    78 | D        | Reached skill level 3 in Maces & Flails
    78 | D        | Reached XP level 3. HP: 23/26 MP: 3/3
    84 | D        | Killed a water moccasin
    85 | D        | Reached skill level 4 in Maces & Flails
    85 | D        | Reached XP level 4. HP: 14/32 MP: 4/4
    85 | D        | Reached XP level 5. HP: 17/37 MP: 5/5
   326 | D        | Killed a black bear
   327 | D        | Reached skill level 5 in Maces & Flails
   327 | D        | Reached skill level 1 in Dodging
   327 | D        | Reached XP level 6. HP: 44/44 MP: 6/6
   343 | D        | Found a snail-covered altar of Cheibriados.
   343 | D        | Found a shadowy altar of Dithmenos.
   343 | D        | Found a white marble altar of Elyvilon.
   343 | D        | Found a blossoming altar of Fedhas.
   343 | D        | Found an opulent altar of Gozag.
   344 | D        | Found a hazy altar of Hepliaklqana.
   345 | D        | Found a viscous altar of Jiyva.
   346 | D        | Found an ancient bone altar of Kikubaaqudgha.
   347 | D        | Found a corrupted altar of Lugonu.
   348 | D        | Found a burning altar of Makhleb.
   349 | D        | Found a sparkling altar of Nemelex Xobeh.
   350 | D        | Found an iron altar of Okawaru.
   351 | D        | Found a stormy altar of Qazlal.
   352 | D        | Found a sacrificial altar of Ru.
   353 | D        | Found a shimmering blue altar of Sif Muna.
   354 | D        | Found a bloodstained altar of Trog.
   355 | D        | Found a hide-covered altar of Uskayaw.
   356 | D        | Became a worshipper of Makhleb the Destroyer
   357 | D        | Found a radiant altar of Vehumet.
   379 | D        | Found an ornate altar of the Wu Jian Council.
   380 | D        | Found a shimmering altar of Xom.
   381 | D        | Found a basalt altar of Yredelemnul.
   382 | D        | Found a glowing silver altar of Zin.
   383 | D        | Found a glowing golden altar of the Shining One.
   455 | D        | Noticed a vampire
   455 | D        | Noticed a wraith
   455 | D        | Noticed a hornet
   462 | D        | Reached skill level 6 in Maces & Flails
   464 | D        | Killed a wraith
   464 | D        | Reached * piety under Makhleb
   465 | D        | Reached skill level 7 in Maces & Flails
   465 | D        | Reached XP level 7. HP: 31/50 MP: 6/10
   470 | D        | Killed a vampire
   478 | D        | Killed a hornet
   478 | D        | Reached ** piety under Makhleb
   479 | D        | Reached skill level 8 in Maces & Flails
   479 | D        | Reached skill level 5 in Invocations
   479 | D        | Reached skill level 1 in Evocations
   479 | D        | Reached XP level 8. HP: 33/56 MP: 7/12
   606 | D        | Noticed a slime creature
   606 | D        | Noticed a boulder beetle
   606 | D        | Noticed a green ugly thing
   606 | D        | Noticed a gargoyle
   606 | D        | Noticed a deep elf pyromancer
   609 | D        | Killed a deep elf pyromancer
   610 | D        | Reached skill level 9 in Maces & Flails
   610 | D        | Reached skill level 10 in Armour
   615 | D        | Killed a slime creature
   619 | D        | Reached XP level 9. HP: 49/62 MP: 14/14
   619 | D        | Killed a gargoyle
   619 | D        | Reached *** piety under Makhleb
   620 | D        | Reached skill level 10 in Maces & Flails
   624 | D        | Killed a green ugly thing
   625 | D        | Reached skill level 10 in Fighting
   625 | D        | Reached skill level 5 in Dodging
   634 | D        | Killed a boulder beetle
   635 | D        | Reached skill level 11 in Maces & Flails
   774 | D        | Noticed a komodo dragon
   774 | D        | Noticed a rime drake
   781 | D        | Killed a komodo dragon
   781 | D        | Reached **** piety under Makhleb
   783 | D        | Noticed a cane toad
   790 | D        | Reached XP level 10. HP: 63/68 MP: 15/17
   804 | D        | Reached ***** piety under Makhleb
   805 | D        | Reached skill level 12 in Maces & Flails
   822 | D        | Killed a cane toad
   823 | D        | Reached skill level 10 in Invocations
   836 | D        | Noticed a cane toad
   853 | D        | Reached skill level 13 in Maces & Flails
   859 | D        | Killed a cane toad
   870 | D        | Reached ****** piety under Makhleb
   991 | D        | Reached skill level 14 in Maces & Flails
  1000 | D        | Reached XP level 11. HP: 76/76 MP: 19/19
  1086 | D        | Noticed Grum
  1102 | D        | Killed Grum
  1171 | D        | Noticed an orc knight
  1171 | D        | Noticed an orc knight
  1171 | D        | Noticed an orc knight
  1465 | D        | Killed an orc knight
  1887 | D        | Killed an orc knight
  1955 | D        | Noticed an orc knight
  2326 | D        | Slain by an orc knight

Illustrated notes

Levels and vault maps discovered:
D:        linesprint [early_d, line_temple, items_1, d_10, items_2, lair_1,
          lair_end, items_3, orc_1, orc_end, items_4, d_15, swamp_1, shoals_1,
          snake_1, spider_1, d_20, vaults_1, items_5, swamp_end, shoals_end,
          snake_end, spider_end, vaults_end, d_27, items_6, zot_1, zot_end,
          crypt_end, forest_end, elf_end, slime_end, tomb_end, abyss_end,
          pan_hell_end]

Skill      XL: |  1  2  3  4  5  6  7  8  9 10 11 |
---------------+----------------------------------+-----
Fighting       | 4 5 6 7 8 9 10 12 | 12.8
Maces & Flails | 3 4 5 7 8 9 11 14 | 14.9
Armour         | 4 6 7 9 10 11 12 | 12.1
Shields        | 4 6 7 8 9 |  9.6
Dodging        | 1 3 4 5 6 7 |  7.3
Invocations    | 4 5 7 9 11 12 | 12.0
Evocations     | 1 2 3 4 |  4.1
Stealth        | |  0.2

Action                   |  1- 3 |  4- 6 |  7- 9 | 10-12 || total
-------------------------+-------+-------+-------+-------++-------
Melee: Flail             |    29 |    13 |       |       ||    42
       Dire flail        |       |     4 |    48 |   205 ||   257
Evoke: Wand              |       |     3 |     5 |       ||     8
  Use: Potion            |     1 |     3 |     1 |     1 ||     6
       Scroll            |       |     1 |       |     1 ||     2
Armor: Scale mail        |    12 |    24 |       |       ||    36
       Ring mail         |       |     8 |    18 |    79 ||   105
Dodge: Dodged            |     7 |    26 |    19 |   101 ||   153
Block: Buckler           |     6 |    11 |       |       ||    17

Table legend: (Time is in decaauts)
 A = Elapsed time spent in this place.
 B = Non-inter-level travel time spent in this place.
 C = Inter-level travel time spent in this place.
 D = Time resting spent in this place.
 E = Time spent auto-exploring this place.
 F = Levels seen in this place.
 G = Mean time per level.
                   A        B        C        D        E       F      G
               +--------+--------+--------+--------+--------+-----+--------+
         Total |   2241 |   2241 |      0 |    465 |    922 |   1 | 2241.0 |
       Dungeon |   2241 |   2241 |      0 |    465 |    922 |   1 | 2241.0 |
               +--------+--------+--------+--------+--------+-----+--------+

Top non-repeatable levels by time:
       D: 2241 daAuts
